 Dungeon Crawl Stone Soup version 0.17.2-1-ge4368a0 (webtiles) character file.

6244 Goblin1989 the Fighter (level 10, -3/80 HPs)
             Began as a Demonspawn Artificer on Nov 19, 2016.
             Was a High Priest of Okawaru.
             Slain by a six-headed hydra (9 damage)
             ... on level 10 of the Dungeon.
             The game lasted 00:39:59 (7819 turns).

Goblin1989 the Fighter (Demonspawn Artificer)       Turns: 7819, Time: 00:40:00

Health: -3/80      AC: 23    Str: 14    XL:     10   Next: 62%
Magic:  12/12      EV:  5    Int: 14    God:    Okawaru [*****.]
Gold:   552        SH: 10    Dex: 12    Spells: 0 memorised, 9 levels left

rFire  + + .     SeeInvis .     a - +6 scimitar of Flaming Death {sticky flame, rPois rF++ rC- MR+}
rCold  x . .     Clarity  .     g - +0 plate armour
rNeg   . . .     SustAt   .     A - +0 shield
rPois  +         Gourm    .     (no helmet)
rElec  .         Spirit   .     (no cloak)
rCorr  .         Warding  .     v - +0 pair of gloves
rMut   .         Stasis   .     u - +0 pair of boots
MR     ++...                    (no amulet)
Stlth  ..........               I - ring of loudness (curse)
                                m - ring of protection from magic

@: heroism, very resistant to hostile enchantments, extremely unstealthy
A: hooves 2, rough black scales 2, blink, spiny 2
a: Blink, Heroism, Finesse, Renounce Religion


You were on level 10 of the Dungeon.
You worshipped Okawaru.
Okawaru was extremely pleased with you.
You were hungry.

You visited 1 branch of the dungeon, and saw 10 of its levels.

You collected 552 gold pieces.

Inventory:

Hand Weapons
 a - the +6 scimitar of Flaming Death (weapon) {sticky flame, rPois rF++ rC- MR+}
   (You took it off an orc wizard on level 5 of the Dungeon)

   It has been specially enchanted to burn those struck by it, causing extra
   injury to most foes and up to half again as much damage against particularly
   susceptible opponents.
   Big, fiery blades are also staple armaments of hydra-hunters.
   It greatly protects you from fire.
   It makes you vulnerable to cold.
   It protects you from poison.
   It affects your resistance to hostile enchantments.
 b - a +0 whip of flaming
 w - a +0 blowgun {@w1}
Armour
 g - a +0 plate armour (worn)
 n - a +1 ring mail of fire resistance
 u - a +0 pair of boots (worn)
 v - a +0 pair of gloves (worn)
 A - a +0 shield (worn)
Jewellery
 m - a ring of protection from magic (left hand)
 q - a +3 ring of intelligence
 I - a cursed ring of loudness (right hand)
Wands
 c - a wand of flame (2)
 e - a wand of random effects (32)
 z - a wand of fireball (7)
 B - a wand of fireball (6)
 E - a wand of enslavement (15)
 F - a wand of disintegration (1)
Scrolls
 i - 2 scrolls of enchant weapon {unknown}
 o - a scroll of fog
 r - 3 scrolls of remove curse {@r2}
 y - a scroll of enchant armour {unknown}
 C - a scroll of random uselessness {unknown}
 M - a scroll of magic mapping
 T - 3 scrolls of teleportation {!r, @r4}
Potions
 h - 3 potions of might
 k - 2 potions of curing {@q1}
 p - 2 potions of resistance
 s - a potion of haste {!q, @q3}
 x - a potion of agility
 G - a potion of flight {unknown}
Comestibles
 d - 2 royal jellies
 f - 8 bread rations {@e1}
 j - 13 fruits
 l - 3 meat rations {@e2}
 t - a beef jerky


   Skills:
 + Level 8.0(13.0) Fighting
   Level 0.8(10.0) Short Blades
 * Level 8.0(13.1) Long Blades
   Level 7.6(12.6) Axes
 + Level 4.1(9.1) Armour
 - Level 3.5(8.5) Dodging
 - Level 0.8(5.8) Stealth
 + Level 2.1(7.1) Shields
 + Level 3.1 Invocations
 - Level 3.0 Evocations


You had 9 spell levels left.
You didn't know any spells.

Dungeon Overview and Level Annotations

Branches:
Dungeon (10/15)            Temple (0/1) D:5             Orc (0/4) D:9
   Lair: D:8-11

Altars:
Ashenzari
Cheibriados
Dithmenos
Elyvilon
Fedhas
Okawaru
Ru
Xom
Zin


Innate Abilities, Weirdness & Mutations

You have hoof-like feet.
You are mostly covered in rough black scales (AC +7, Dex -2).
You are mostly covered in sharp spines.
You can translocate small distances at will.


Message History

Unknown command.
Drink which item? (? for menu, Esc to quit)
Okay, then.
MP restored: 12 You found an alarm trap!
An orc comes into view. It is wielding a whip.
The orc shouts!
You hear a shout!
You hear a shout!
You hear a shout!
You hear a shout! 3 orcs and an orc wizard come into view.
The orc wizard shouts!
The orc shouts!
The orc hits you but does no damage.
The orc wizard gestures wildly while chanting.
The orc wizard seems to speed up.
The six-headed hydra is struck by your spines.
The six-headed hydra bites you but does no damage. x3
You block the six-headed hydra's attack.
The six-headed hydra bites you!
* * * LOW HITPOINT WARNING * * *
The six-headed hydra bites you!
You die...

.. ██ █.█ ..█
██.████ █ █ █.█
█..... ...█ █.█
████..███████.███.█
█.@...............█
██D██..████.^.......
█....C.█


██<██ █.█.< █oo███.███...███.█.. █..█ █........[†.█.. █... █████...███.... █...
██.██ ███.[ █.o. █.█ █.. ..... ... █C. You could see a six-headed hydra, an orc
wizard and 2 orcs.

Vanquished Creatures
  A hydra (D:10)
  Pikel (D:5)
  Psyche (D:8)
  Sigmund (D:5)
  A spriggan (D:8)
  4 yaks (D:9)
  Eustachio (D:4)
  Edmund (D:5)
  Duvessa (D:5)
  A sky beast (D:9)
  2 orc warriors
  A black bear (D:8)
  A centaur (D:9)
  3 slaves (D:5)
  A phantom (D:8)
  2 ogres
  A big kobold (D:9)
  6 giant frogs
  A gnoll sergeant (D:9)
  Dowan (D:5)
  A water moccasin zombie (D:7)
  A scorpion (D:8)
  7 killer bees
  8 wights
  A giant frog zombie (D:7)
  5 crimson imps
  2 jellies
  A quasit (D:8)
  8 orc priests
  A hound (D:5)
  6 orc wizards
  4 centaur skeletons
  A giant frog skeleton (D:6)
  5 iguanas
  A killer bee zombie (D:9)
  8 worker ants
  A hound skeleton (D:7)
  6 gnolls (D:9)
  8 adders
  A shadow imp (D:6)
  3 oozes
  An adder skeleton (D:8)
  An adder zombie (D:7)
  3 worms
  7 giant geckos
  29 orcs
  12 bats
  3 giant cockroaches
  9 hobgoblins
  6 jackals
  7 quokkas
  2 ball pythons
  2 giant gecko skeletons (D:4)
  A giant gecko zombie (D:4)
  3 giant newts
  6 goblins
  17 kobolds
  2 quokka skeletons
  5 rats (D:1)
227 creatures vanquished.

Vanquished Creatures (others)
  An adder (D:5)
  A giant gecko (D:5)
  4 toadstools (D:1)
6 creatures vanquished.

Grand Total: 233 creatures vanquished

Notes
Turn   | Place    | Note
--------------------------------------------------------------
     0 | D:1      | Goblin1989 the Demonspawn Artificer began the quest for the Orb.
     0 | D:1      | Reached XP level 1. HP: 15/15 MP: 3/3
   404 | D:1      | Gained mutation: You are partially covered in sharp spines. [demonic ancestry]
   404 | D:1      | Reached XP level 2. HP: 22/22 MP: 4/4
   963 | D:1      | Gained mutation: You are mostly covered in sharp spines. [demonic ancestry]
   963 | D:1      | Reached XP level 3. HP: 26/29 MP: 5/5
  1293 | D:2      | Found a blossoming altar of Fedhas.
  1295 | D:2      | Found a shimmering altar of Xom.
  1295 | D:2      | Found an iron altar of Okawaru.
  1295 | D:2      | Found a sacrificial altar of Ru.
  1296 | D:2      | Found a glowing silver altar of Zin.
  1297 | D:2      | Found a shadowy altar of Dithmenos.
  1297 | D:2      | Found a snail-covered altar of Cheibriados.
  1298 | D:2      | Found a white marble altar of Elyvilon.
  1359 | D:2      | Became a worshipper of Warmaster Okawaru
  1861 | D:3      | Reached skill level 4 in Fighting
  1861 | D:3      | Reached XP level 4. HP: 14/37 MP: 6/6
  3148 | D:4      | Reached skill level 5 in Fighting
  3148 | D:4      | Gained mutation: You are partially covered in rough black scales (AC +4, Dex -1). [demonic ancestry]
  3148 | D:4      | Reached XP level 5. HP: 41/44 MP: 7/7
  3327 | D:4      | Noticed Eustachio
  3347 | D:4      | Killed Eustachio
  3347 | D:4      | Reached * piety under Okawaru
  3347 | D:4      | Reached skill level 6 in Fighting
  3347 | D:4      | Gained mutation: You have large cloven feet. [demonic ancestry]
  3347 | D:4      | Reached XP level 6. HP: 51/53 MP: 8/8
  3446 | D:4      | Reached skill level 1 in Axes
  3841 | D:4      | Gained mutation: You have hoof-like feet. [demonic ancestry]
  3841 | D:4      | Reached XP level 7. HP: 59/59 MP: 9/9
  3948 | D:5      | Entered Level 5 of the Dungeon
  4059 | D:5      | Noticed Duvessa
  4060 | D:5      | Noticed Dowan
  4063 | D:5      | Killed Duvessa
  4063 | D:5      | Reached ** piety under Okawaru
  4068 | D:5      | Killed Dowan
  4070 | D:5      | Noticed Edmund
  4084 | D:5      | Killed Edmund
  4084 | D:5      | Reached skill level 5 in Axes
  4344 | D:5      | Noticed Pikel
  4355 | D:5      | Killed Pikel
  4355 | D:5      | Reached *** piety under Okawaru
  4355 | D:5      | Reached skill level 7 in Axes
  4355 | D:5      | Reached XP level 8. HP: 65/65 MP: 8/10
  4423 | D:5      | Found a staircase to the Ecumenical Temple.
  4597 | D:5      | Noticed Sigmund
  4617 | D:5      | Killed Sigmund
  4988 | D:5      | Got a translucent dagger
  4989 | D:5      | Identified the +5 dagger "Backscratcher" {drain, Str+3} (You found it on level 5 of the Dungeon)
  5469 | D:6      | Found a shattered altar of Ashenzari.
  5475 | D:6      | Reached XP level 9. HP: 66/71 MP: 11/11
  5610 | D:6      | Gained mutation: You can translocate small distances at will. [potion of beneficial mutation]
  5647 | D:6      | Reached **** piety under Okawaru
  5751 | D:6      | Reached skill level 5 in Long Blades
  6181 | D:7      | Reached skill level 1 in Armour
  6552 | D:8      | Found a shimmering altar of Xom.
  6657 | D:8      | Noticed Psyche
  6668 | D:8      | Killed Psyche
  7081 | D:9      | Gained mutation: You are mostly covered in rough black scales (AC +7, Dex -2). [demonic ancestry]
  7081 | D:9      | Reached XP level 10. HP: 79/79 MP: 12/12
  7197 | D:9      | Reached ***** piety under Okawaru
  7321 | D:9      | Reached skill level 1 in Shields
  7321 | D:9      | Reached skill level 1 in Invocations
  7769 | D:9      | Found a staircase to the Orcish Mines.
  7790 | D:10     | Entered Level 10 of the Dungeon
  7790 | D:10     | Noticed an eight-headed hydra
  7790 | D:10     | Noticed a seven-headed hydra
  7793 | D:10     | Noticed a hill giant
  7804 | D:10     | Killed a two-headed hydra
  7804 | D:10     | Received a gift from Okawaru
  7804 | D:10     | Reached skill level 8 in Fighting
  7819 | D:10     | Slain by a six-headed hydra

Action                   |  1- 3 |  4- 6 |  7- 9 | 10-12 || total
-------------------------+-------+-------+-------+-------++-------
Melee: Short sword       |    76 |    60 |       |       ||   136
       War axe           |       |    14 |    53 |       ||    67
       Scimitar          |       |       |   123 |   103 ||   226
Throw: Stone             |     5 |       |       |       ||     5
Invok: Heroism           |       |     1 |     4 |     5 ||    10
Evoke: Wand              |     3 |    18 |     9 |       ||    30
  Use: Scroll            |     8 |     2 |     6 |     1 ||    17
       Potion            |       |       |     1 |       ||     1
 Stab: Sleeping          |     2 |     1 |       |       ||     3
       Paralysed         |       |    14 |       |       ||    14
  Eat: Chunk             |     3 |     6 |    10 |     3 ||    22

Vault maps used:
D:1:      ldierk_walled_garden_2
D:2:      grunt_temple_overflow_open, first_bread
D:4:      uniq_eustachio
D:5:      kennysheep_spiral_hall, temple_statues, uniq_duvessa, uniq_edmund,
          uniq_pikel, uniq_sigmund
D:6:      ashenzari_altar_1
D:8:      basic_altar, the_bakery, uniq_psyche
D:9:      orc_0_dummy
